Map: Triton LE

Players

MarineLorD

  • Race: Terran Terran
  • League: Master
  • Spawn Location: 11:00

Kelazhur - Winner!

  • Race: Terran Terran
  • League: Master
  • Spawn Location: 5:00

Event: HomeStory Cup XX

VOD

Have the link to the VOD?

Description

Time

  • Played on: Nov. 22, 2019, 3:01 p.m.
  • Length: 11:07

All games in this series

Show
View Real Time Build Order
Export as new Build Order

MarineLorD Terran 

Build Orders: Gas First Reaper Expand, Mech 

Get SALT Encoding   

  12  0:00  SCV  
  13  0:12  SCV  
  14  0:17  Supply Depot  
  14  0:25  SCV  
  14  0:27  Refinery  
  15  0:38  SCV  
  16  0:44  Barracks  
  16  0:50  SCV  
  17  1:03  SCV  
  18  1:15  SCV  
  19  1:31  Orbital Command, Reaper  
  20  1:46  Command Center  
  20  1:56  Factory  
  20  1:59  SCV  
  21  2:05  Barracks Reactor  
  21  2:10  Supply Depot  
  21  2:14  SCV  
  22  2:22  Refinery  
  22  2:26  SCV  
  23  2:39  SCV  
  23  2:41  Hellion, Marine x2  
  28  2:51  SCV  
  27  2:52  Starport  
  25  3:03  SCV  
  25  3:07  Orbital Command  
  25  3:12  Marine x2  
  25  3:15  SCV  
  25  3:16  Factory Tech Lab  
  28  3:26  Orbital Command  
  28  3:27  SCV  
  29  3:35  Starport Tech Lab, Cyclone  
  29  3:36  Marine x2  
  34  3:43  SCV  
  35  3:52  SCV  
  37  3:55  SCV  
  36  4:04  SCV  
  36  4:06  Raven  
  36  4:07  SCV  
  39  4:11  Marine x2  
  39  4:15  Refinery, Supply Depot  
  39  4:16  SCV  
  42  4:19  SCV  
  42  4:24  Siege Tank  
  44  4:28  SCV  
  44  4:29  Marine, Supply Depot  
  46  4:36  Marine  
  46  4:37  SCV  
  46  4:40  SCV  
  47  4:46  Marine  
  47  4:49  SCV  
  47  4:52  SCV  
  50  4:54  Marine  
  50  4:56  Raven  
  53  5:01  SCV  
  53  5:04  SCV  
  55  5:07  Command Center  
  55  5:11  Supply Depot  
  55  5:12  Siege Tank  
  55  5:13  SCV  
  59  5:14  Marine x2  
  59  5:16  SCV  
  62  5:23  Supply Depot  
  62  5:33  SCV x2  
  62  5:34  Supply Depot  
  62  5:35  Refinery  
  64  5:44  Siege Tank  
  64  5:45  SCV x2  
  64  5:46  Supply Depot  
  64  5:47  Marine  
  64  5:49  Viking x2  
  74  5:57  SCV x2  
  74  5:59  Supply Depot  
  76  6:06  Marine  
  76  6:09  SCV x2  
  78  6:16  Siege Tank  
  76  6:21  SCV x2  
  76  6:26  Viking x2  
  80  6:33  SCV  
  80  6:34  SCV  
  80  6:39  Supply Depot  
  82  6:42  Marine  
  82  6:45  SCV  
  84  6:48  Siege Tank  
  84  6:52  Supply Depot  
  59  6:54  Orbital Command  
  87  6:57  Viking x2  
  91  7:04  SCV x2  
  93  7:15  Supply Depot  
  93  7:16  SCV x2  
  93  7:20  Siege Tank  
  93  7:21  Orbital Command  
  99  7:28  SCV  
  98  7:30  SCV  
  98  7:34  Armory x2  
  98  7:40  SCV  
  98  7:42  Factory, SCV  
  100  7:44  Factory  
  101  7:52  SCV  
  101  7:54  Liberator x2, SCV  
  102  8:04  SCV  
  100  8:06  SCV  
  105  8:17  Siege Tank, SCV  
  105  8:18  SCV  
  110  8:22  Command Center  
  110  8:29  Factory Reactor, SCV  
  110  8:30  SCV  
  112  8:41  SCV  
  107  8:42  Command Center  
  107  8:43  Siege Tank, SCV  
  111  8:53  SCV  
  111  8:54  Viking x2  
  111  8:55  SCV  
  115  8:56  Supply Depot  
  115  8:57  Supply Depot  
  113  9:05  SCV  
  113  9:07  SCV  
  89  9:17  SCV  
  89  9:19  SCV  
  91  9:24  Viking  
  91  9:29  SCV  
  91  9:31  SCV  
  92  9:41  SCV  
  92  9:43  SCV  
  92  9:49  Refinery, Orbital Command  
  92  9:50  Refinery  
  92  9:55  SCV x2  
  94  10:06  Viking x2  
  98  10:07  SCV x2  
  100  10:17  SCV  
  100  10:19  SCV x2  
  96  10:29  SCV  
  96  10:31  SCV  
  96  10:33  Command Center  
  90  10:46  Factory  
  90  10:48  Factory  
Show
View Real Time Build Order
Export as new Build Order

Kelazhur Terran - Winner!

Build Orders:  

Get SALT Encoding   

  12  0:00  SCV  
  13  0:12  SCV  
  14  0:17  Supply Depot  
  14  0:25  SCV  
  15  0:39  SCV  
  15  0:40  Barracks  
  16  0:43  Refinery  
  16  0:51  SCV  
  17  0:57  Barracks  
  17  1:03  SCV  
  18  1:15  SCV  
  19  1:27  Orbital Command, Reaper  
  19  1:31  Supply Depot  
  20  1:46  Reaper  
  21  1:53  SCV  
  22  2:03  Reaper  
  22  2:05  SCV  
  24  2:13  Command Center  
  24  2:18  SCV  
  25  2:24  Refinery  
  25  2:30  SCV  
  26  2:42  SCV  
  26  2:43  Marine x2  
  29  2:45  Factory  
  29  2:54  SCV  
  30  3:06  SCV  
  30  3:10  Barracks Tech Lab, Barracks Reactor  
  31  3:24  SCV  
  31  3:26  Orbital Command  
  32  3:27  Refinery  
  32  3:28  Marine  
  32  3:29  Stimpack  
  32  3:30  Hellion  
  32  3:31  Barracks  
  35  3:36  SCV  
  36  3:43  Engineering Bay  
  36  3:46  Marine x3  
  39  3:48  SCV  
  39  3:51  SCV  
  41  4:00  SCV  
  42  4:07  Marine, SCV  
  42  4:08  Marine x2  
  46  4:13  Starport  
  46  4:16  Supply Depot  
  46  4:17  SCV  
  46  4:23  Factory Reactor, Barracks Reactor  
  46  4:25  Terran Infantry Weapons Level 1  
  46  4:27  Supply Depot  
  46  4:36  Marine  
  46  4:37  Marine x2, SCV  
  49  4:39  SCV  
  49  4:43  Supply Depot  
  50  4:49  SCV  
  50  4:51  SCV  
  52  4:54  Marine  
  52  4:55  Marine x2  
  52  4:57  Supply Depot  
  55  5:01  SCV  
  55  5:03  SCV  
  55  5:05  Medivac x2  
  60  5:07  Factory Tech Lab  
  60  5:08  Marine x2  
  60  5:12  Supply Depot  
  62  5:14  SCV  
  62  5:15  SCV  
  62  5:17  Marine x2  
  62  5:19  Marine  
  67  5:22  Combat Shield  
  67  5:28  Siege Tank  
  70  5:30  SCV  
  70  5:32  Marine x2  
  70  5:34  SCV  
  74  5:46  Marine x3, Supply Depot  
  77  5:51  SCV x2  
  77  5:52  Marine x2  
  77  5:56  Medivac x2  
  85  6:04  Marine  
  85  6:05  Supply Depot, Command Center  
  83  6:19  SCV  
  83  6:20  Marine x4  
  88  6:26  Marine  
  88  6:29  SCV  
  80  6:33  Refinery  
  80  6:38  Marine x2  
  80  6:39  Medivac x2, Siege Tank  
  80  6:42  Marine x2  
  80  6:44  SCV  
  84  6:47  SCV  
  84  6:51  Barracks, Terran Infantry Armor Level 1  
  84  6:53  Marine, Barracks  
  85  6:55  Liberator x2  
  85  6:56  Marine, SCV  
  85  6:58  Marine  
  85  7:00  Marine  
  88  7:09  Marine  
  88  7:10  Marine, SCV  
  88  7:14  Marine  
  98  7:26  Marine x2  
  98  7:27  Siege Tank  
  98  7:28  SCV x2  
  104  7:31  Marine  
  104  7:35  Marine x2  
  107  7:40  SCV  
  107  7:42  Marine  
  107  7:43  Marine  
  107  7:44  Marine x2  
  111  7:48  Marine  
  111  7:50  SCV  
  114  7:51  Orbital Command  
  114  7:52  SCV  
  114  7:53  Marine x2  
  117  8:02  Supply Depot  
  117  8:07  Marine x4  
  117  8:08  Marine  
  117  8:10  Marine  
  117  8:11  Supply Depot  
  117  8:21  Marine, SCV  
  117  8:22  Medivac, Siege Tank  
  117  8:24  Medivac  
  117  8:25  Marine x2  
  123  8:27  Starport  
  123  8:28  SCV x2  
  123  8:32  Barracks Reactor x2  
  123  8:34  Supply Depot  
  123  8:39  SCV  
  123  8:41  Marine, SCV  
  124  8:44  Marine  
  124  8:45  Marine x3  
  129  8:53  Engineering Bay, Armory  
  129  8:56  Viking x2  
  129  8:59  Marine, SCV x2  
  129  9:02  Marine  
  136  9:03  Marine x2  
  135  9:11  Marine  
  135  9:12  Marine x4  
  135  9:13  Siege Tank  
  135  9:16  Viking  
  134  9:17  Marine  
  134  9:20  Marine  
  136  9:24  Marine  
  136  9:26  Marine, Viking  
  138  9:38  Marine  
  120  9:41  Viking  
  120  9:45  Siege Tank  
  123  9:46  Viking  
  123  9:47  Marine  
  123  9:48  Marine x2  
  123  9:51  Marine  
  126  9:56  Viking  
  128  10:04  Marine  
  118  10:10  Marine x8  
  118  10:11  Viking  
  126  10:15  SCV x3  
  126  10:16  Refinery x2, Viking  
  126  10:17  Supply Depot, Siege Tank  
  134  10:22  Marine, Supply Depot  
  134  10:26  Viking  
  134  10:27  SCV  
  134  10:37  Marine  
  135  10:44  Marine x3  
  135  10:45  Marine x5  
Tags
 
Add a new tag
Caveats
  • Supply blocks, unpowered buildings, or Contaminate may cause inaccurate times.
  • Supply counts are checked every 10 seconds.